 Dungeon Crawl Stone Soup version 0.21-a0-110-g8e1637b (webtiles) character file.

32 meatball the Sneak (level 3, -4/24 HPs)
             Began as an Octopode Assassin on July 7, 2017.
             Slain by Sigmund
             ... wielding a cursed -3 scythe
              (6 damage)
             ... on level 2 of the Dungeon.
             The game lasted 00:05:00 (1049 turns).

meatball the Sneak (Octopode Assassin)              Turns: 1049, Time: 00:05:01

Health: -4/24      AC:  1    Str: 10    XL:     3   Next: 27%
Magic:  3/3        EV: 13    Int: 13    God:
Gold:   71         SH:  0    Dex: 14    Spells: 2/2 levels left

rFire    . . .     SeeInvis .   a - +2 dagger
rCold    . . .     Gourm    .   (no shield)
rNeg     . . .     Faith    .   (helmet restricted)
rPois    .         Spirit   .   (no amulet)
rElec    .         Reflect  .   (no ring)
rCorr    .         Harm     .   (no ring)
MR       .....                  (no ring)
Stlth    ++........             (no ring)
HPRegen  0.08/turn              (no ring)
MPRegen  0.08/turn              (no ring)
                                (no ring)
                                (no ring)

@: confused
A: almost no armour, stealthy swim, amphibious, 8 rings, constrict 8, camouflage
1, gelatinous body 1
a: no special abilities


You were on level 2 of the Dungeon.
You were not hungry.

You visited 1 branch of the dungeon, and saw 2 of its levels.

You collected 71 gold pieces.

Inventory:

Hand Weapons
 a - a +2 dagger (weapon)
 b - a +0 blowgun
Missiles
 c - 8 poisoned needles
 d - 2 curare-tipped needles
 g - a throwing net (quivered)
Scrolls
 h - a scroll of magic mapping {unknown}
 i - a scroll of identify {unknown}
 k - 2 scrolls of remove curse {unknown}
 l - a scroll of amnesia {unknown}
Potions
 e - 3 potions of curing {unknown}
 m - a potion of ambrosia {unknown}
Comestibles
 f - 2 bread rations
 j - 3 chunks of flesh
 n - 2 fruits


   Skills:
 + Level 2.0 Fighting
 + Level 2.4 Short Blades
 - Level 2.0 Throwing
 + Level 1.0 Dodging
 + Level 6.5 Stealth


You had 2 spell levels left.
You didn't know any spells.

Dungeon Overview and Level Annotations

Branches:
Dungeon (2/15)

Altars:
Hepliaklqana
Xom

Annotations:
D:2 Sigmund


Innate Abilities, Weirdness & Mutations

You cannot wear most types of armour.
You are very stealthy in the water. (Stealth+)
You are amphibious.
You can wear up to eight rings at the same time.
You can use your tentacles to constrict eight enemies at once.
Your skin changes colour to match your surroundings (Stealth+).
Your rubbery body absorbs attacks. (AC +1, EV +1)


Message History

You barely miss something. Your squeeze misses something.
Something barely misses you.
You hit something but do no damage. You hit something but do no damage.
You hear some strange, mumbled words.
You are confused.
You hit something but do no damage. Something hits you but does no damage.
You're too confused to move!
You feel less confused. Something hits you.
* * * LOW HITPOINT WARNING * * *
Unknown command.
You hear some strange, mumbled words.
You are confused.
You're too confused to move!
Something barely misses you.
You bump into the rock wall.
You bump into the rock wall.
Something hits you.
* * * LOW HITPOINT WARNING * * *
You hit something. Your squeeze misses something. Something hits you.
You die...

......####♣♣♣.♣♣♣♣###
##.#..##.'...♣.♣..'.#
##.#..##.'..♣.♣...'.######...
...#..##.#♣♣♣♣.♣♣♣#........#
.###.....# ♣..♣ ##.#####.# #
#.##.## ♣♣♣♣ ##.#####.##
#.##..# ####..<(......
#.....# #..#.######.##
####..# #@.#. ....... #..#
#.{#. ....... #..# #..#.
....... #..# #..#. ##.......
#####...######..#.##........
.............).# ........
#.#....######.####...#####
#..##.##........†........ ###
##........##.#####.######


There were no monsters in sight!

Vanquished Creatures
  An ooze (D:1)
  A worm (D:2)
  A dart slug (D:1)
  3 giant cockroaches
  3 goblins (D:1)
  2 hobgoblins (D:1)
  A ball python (D:2)
  2 bats (D:1)
  3 frilled lizards (D:1)
  7 kobolds
  A rat (D:1)
25 creatures vanquished.

Notes
Turn   | Place    | Note
-------+----------+-------------------------------------------
     0 | D:1      | meatball the Octopode Assassin began the quest for the Orb.
     0 | D:1      | Reached XP level 1. HP: 14/14 MP: 1/1
   218 | D:1      | Reached XP level 2. HP: 10/19 MP: 2/2
   247 | D:1      | Reached skill level 6 in Stealth
   558 | D:1      | Reached XP level 3. HP: 21/24 MP: 3/3
   887 | D:2      | Found a hazy altar of Hepliaklqana.
   959 | D:2      | Found a shimmering altar of Xom.
   991 | D:2      | Noticed Sigmund
  1049 | D:2      | Slain by Sigmund

Vault maps used:
D:1:      minmay_arrival_nine_rooms
D:2:      lemuel_crystal_altar, nicolae_overflow_hidden_temple,
          eat_drink_and_be_merry_uskayaw, xom_teletrap_fun, old_standard_altar,
          kennysheep_generic_room_4, uniq_natasha, uniq_sigmund

Skill      XL: |  1  2 |
---------------+-------+-----
Stealth        | 6 |  6.5
Fighting       | |  2.0
Short Blades   | |  2.4
Throwing       | |  2.0
Dodging        | |  1.0

Action                   || total
-------------------------++-------
Melee: Dagger            ||    48
       Constrict         ||     9
       Tentacles         ||     1
 Stab: Sleeping          ||    10
Armor: Skin              ||     2
Dodge: Dodged            ||    27
